 Dungeon Crawl Stone Soup version 0.20.0-7-g3b7b877 (webtiles) character file.

31308 Rim the Spear-Bearer (level 13, -2/85 HPs)
             Began as an Octopode Fighter on May 29, 2017.
             Was the Champion of Hepliaklqana.
             Slain by Rupert
             ... wielding a +5 great mace of crushing
              (8 damage)
             ... on level 5 of the Lair of Beasts.
             The game lasted 01:41:25 (17098 turns).

Rim the Spear-Bearer (Octopode Fighter)            Turns: 17098, Time: 01:41:26

Health: -2/85      AC:  1    Str: 16    XL:     13   Next: 57%
Magic:  16/16      EV: 19    Int: 15    God:    Hepliaklqana [******]
Gold:   943        SH: 14    Dex: 17    Spells: 9/12 levels left

rFire    . . .     SeeInvis +   z - +2 trident (venom)
rCold    + + .     Gourm    .   b - +2 shield
rNeg     + + +     Faith    .   (helmet restricted)
rPois    .         Spirit   .   (no amulet)
rElec    +         Reflect  .   I - ring of flight
rCorr    .         Harm     .   K - +2 ring of intelligence
MR       .....     Clarity  +   A - ring of see invisible
Stlth    +++.......             S - ring of protection from cold
Regen    0.7/turn               Z - ring of protection from cold
MPRegen  0.2/turn               r - ring "Dapnedd" {+Blink rElec rN+++ MR- Int+2}
                                (no ring)
                                (no ring)

@: no status effects
A: almost no armour, stealthy swim, amphibious, 8 rings, constrict 8, reduced
essence, camouflage 1, agile 1, clarity, regeneration 1, gelatinous body 1
a: Recall Ancestor, Ancestor Identity, Transference, Idealise, Renounce
Religion, Evoke Blink, Evoke Flight


You were on level 5 of the Lair of Beasts.
You worshipped Hepliaklqana.
Hepliaklqana was exalted by your worship.
You were not hungry.

You visited 3 branches of the dungeon, and saw 17 of its levels.
You also visited: Labyrinth.

You collected 1111 gold pieces.
You spent 168 gold pieces at shops.

Inventory:

Hand Weapons
 h - the +8 battleaxe of Plague {chop, Dex+4}
   (You found it on level 5 of the Lair of Beasts)

   It inflicts extra damage upon your enemies.
   It affects your dexterity (+4).
 z - a +2 trident of venom (weapon)
Armour
 b - a +2 shield (worn)
Jewellery
 r - the ring "Dapnedd" (on tentacle) {+Blink rElec rN+++ MR- Int+2}
   (You found it in a labyrinth)

   [ring of intelligence]

   It affects your intelligence (+2).
   It insulates you from electricity.
   It renders you almost immune to negative energy.
   It affects your resistance to hostile enchantments.
   It lets you blink.
 v - the ring of the Endless Expanse {rF- EV+2 Int+9 Dex+2}
   (You took it off a minotaur in a labyrinth)

   [ring of evasion]

   It affects your evasion (+2).
   It affects your intelligence (+9).
   It affects your dexterity (+2).
   It makes you vulnerable to fire.
 A - a ring of see invisible (on tentacle)
 I - a ring of flight (left tentacle)
 K - a +2 ring of intelligence (right tentacle)
 S - a ring of protection from cold (on tentacle)
 Z - a ring of protection from cold (on tentacle)
Wands
 i - a wand of random effects (9/48)
 l - a wand of flame (30/48)
 H - a wand of confusion (31/48)
 R - a wand of digging (19/24)
Scrolls
 e - 3 scrolls of fog
 g - a scroll of recharging
 y - 3 scrolls of amnesia
 B - 3 scrolls of magic mapping
 D - a scroll of teleportation
 F - a scroll of fear
 G - 2 scrolls of enchant weapon
 J - a scroll of enchant armour
 V - 3 scrolls of remove curse
Potions
 c - 2 potions of might
 f - 3 potions of magic
 k - 2 potions of heal wounds
 n - 2 potions of haste
 p - a potion of lignification
 s - 2 potions of brilliance
 t - a potion of berserk rage
 w - a potion of flight {unknown}
 Q - 2 potions of agility
 X - a potion of resistance {unknown}
Comestibles
 a - a royal jelly
 d - 12 bread rations
 j - a meat ration
 m - 18 chunks of flesh
 o - 14 fruits


   Skills:
 + Level 11.5 Fighting
 - Level 14.3 Polearms
 + Level 9.0 Dodging
 * Level 10.0 Shields
 - Level 2.4 Invocations
 - Level 4.4 Evocations


You had 9 spell levels left.
You knew the following spells:

 Your Spells              Type           Power        Failure   Level  Hunger
a - Ozocubu's Armour      Chrm/Ice       #.......     83%         3    ####...


Dungeon Overview and Level Annotations

Branches:
Dungeon (10/15)            Temple (1/1) D:6            Lair (6/6) D:10
 Shoals (0/4) Lair:4        Snake (0/4) Lair:4        Slime (0/5) Lair:5
    Orc: D:9-12

Altars:
Cheibriados
Dithmenos
Gozag
Hepliaklqana
Kikubaaqudgha
Makhleb
Nemelex Xobeh
Qazlal
Ru
Sif Muna
Trog
Uskayaw
Vehumet
Xom
Yredelemnul
Zin
The Shining One

Shops:
D:4 %   D:6 ?

Annotations:
D:3 1 exclusion
Lair:3 Urug
Lair:4 Harold
Lair:5 exclusion: 2 oklob plants, Rupert


Innate Abilities, Weirdness & Mutations

You cannot wear most types of armour.
You are very stealthy in the water. (Stealth+)
You are amphibious.
You can wear up to eight rings at the same time.
You can use your tentacles to constrict eight enemies at once.
Your skin changes colour to match your surroundings (Stealth+).
Your rubbery body absorbs attacks. (AC +1, EV +1)
Your life essence is reduced. (-10% HP)
You are agile. (Dex +2)
You possess an exceptional clarity of mind.
Your natural rate of healing is unusually fast.


Message History

There is a stone staircase leading up here.
You climb upwards.
Level annotation: exclusion: 2 oklob plants
There is a stone staircase leading down here.
You start waiting.
Some of the chunks of flesh in your inventory have rotted away.
Bubbles emerges from the mists of memory!
You climb downwards.
Level annotation: Rupert Rupert roars madly and goes into a rage!
Rupert goes berserk!
There is a stone staircase leading up here.
Rupert hits you with a great mace of crushing!!!
Ouch! That really hurt!
You climb upwards.
Level annotation: exclusion: 2 oklob plants
There is a stone staircase leading down here.
Rupert hits you with a great mace of crushing!!
* * * LOW HITPOINT WARNING * * *
You die...

##..##......#...#.#......
#P.......##.#....#.......
#....####.#####..........
##....# #####PP..........
##...## #.............. #
#...P## ##.............. #
#.....####............... #
#P...###.........).......
##P...#P@................ #
######.....@R................ #
#.......P.................... #
##.#..#..##P##.............>..
##....##########.#.............
###....## ####.#.......
.#....## ##########
#####....PP.. ..#####
##..P#..#.#### ##....>.. .#.#
#.........P..####........


You could see the friendly Bubbles the hexer and Rupert (berserk).

Vanquished Creatures
  Josephine (Lair:5)
  A minotaur (Lab)
  2 hydras
  A catoblepas (Lair:6)
  An ice dragon (Lair:4)
  The ghost of Rim the Carver, a novice OpFi of Okawaru (D:6)
  Pikel (D:6)
  A manticore (Lair:4)
  3 elephants (Lair:2)
  A black mamba (Lair:4)
  13 spiny frogs
  7 komodo dragons
  3 trolls (D:10)
  A hornet (Lair:2)
  Grinder (D:5)
  The ghost of Rim the Poker, an amateur OpFi (D:4)
  A hippogriff (Lair:4)
  13 blink frogs
  A meliai zombie (D:10)
  Sigmund (D:2)
  2 redbacks (Lab)
  2 wyverns (Lair:5)
  2 wraiths (Lair:5)
  3 basilisks
  20 yaks
  A steam dragon (D:10)
  A hungry ghost (D:10)
  7 water moccasins
  3 slaves (D:6)
  4 porcupines
  2 orc warriors (D:7)
  2 ice beasts (D:6)
  3 sky beasts
  A black bear (D:7)
  8 ogres
  A phantom (D:5)
  4 wolves (Lair:5)
  2 centaurs
  5 crocodiles
  A big kobold (D:4)
  9 bullfrogs
  3 scorpions
  10 killer bees
  4 howler monkeys
  A centaur zombie (D:6)
  3 crimson imps
  4 hounds
  2 quasits
  3 jellies
  5 orc priests
  5 orc wizards
  6 iguanas
  2 worker ants (D:4)
  A hound zombie (D:8)
  A hound skeleton (D:4)
  6 gnolls
  A howler monkey skeleton (D:5)
  11 adders
  2 shadow imps
  3 white imps (Lair:4)
  3 worms
  A dart slug (D:3)
  5 leopard geckos
  34 orcs
  6 giant cockroaches
  6 goblins
  10 hobgoblins
  9 jackals
  8 kobolds
  3 quokkas
  2 ball pythons (D:3)
  6 bats
  8 frilled lizards
  A leopard gecko skeleton (D:4)
  A quokka skeleton (D:9)
  A quokka zombie (D:5)
  4 rats
319 creatures vanquished.

Vanquished Creatures (collateral kills)
  A two-headed ogre (D:9)
  An elephant (Lair:2)
  3 spiny frogs
  A hippogriff (Lair:1)
  A wraith (Lair:5)
  5 yaks
  A porcupine (Lair:1)
  4 water moccasins
  A sky beast (D:9)
  3 ogres
  A wolf (Lair:5)
  A necrophage (D:7)
  A crocodile (Lair:5)
  2 bullfrogs
  A scorpion (D:7)
  A killer bee (D:8)
  A howler monkey (D:9)
  A quasit (D:9)
  2 jellies
  3 iguanas (Lair:2)
  An orc wizard (D:6)
  A gnoll (D:10)
  A leopard gecko (D:9)
  An orc (D:7)
39 creatures vanquished.

Vanquished Creatures (others)
  22 hexers
  8 ancestors
  5 fungi
  7 plants
42 creatures vanquished.

Grand Total: 400 creatures vanquished

Notes
Turn   | Place    | Note
-------+----------+-------------------------------------------
     0 | D:1      | Rim the Octopode Fighter began the quest for the Orb.
     0 | D:1      | Reached XP level 1. HP: 16/16 MP: 1/1
    28 | D:1      | Reached XP level 2. HP: 21/21 MP: 2/2
   782 | D:2      | Reached skill level 3 in Polearms
   787 | D:2      | Reached XP level 3. HP: 26/26 MP: 3/3
   955 | D:2      | Found an opulent altar of Gozag.
  1077 | D:2      | Noticed Sigmund
  1381 | D:3      | Reached XP level 4. HP: 3/32 MP: 4/4
  1384 | D:3      | HP: 2/48 [poisoned by an adder]
  1386 | D:3      | Gained mutation: Your mind is acute. (Int +2) [potion of mutation]
  1386 | D:3      | Gained mutation: Your spells are a little harder to cast, but a little more powerful. [potion of mutation]
  1389 | D:3      | Lost mutation: Your spells are a little harder to cast, but a little more powerful. [potion of mutation]
  1389 | D:3      | Lost mutation: Your mind is acute. (Int +2) [potion of mutation]
  1389 | D:3      | Gained mutation: You possess an exceptional clarity of mind. [potion of mutation]
  1389 | D:3      | Gained mutation: Your natural rate of healing is unusually fast. [potion of mutation]
  1389 | D:3      | Gained mutation: You are agile. (Dex +2) [potion of mutation]
  1389 | D:3      | HP: 1/48 [poisoned by an adder]
  1394 | D:3      | HP: 2/48 [poisoned by an adder]
  1625 | D:3      | Noticed a sky beast
  2089 | D:4      | Reached skill level 4 in Polearms
  2089 | D:4      | Reached XP level 5. HP: 35/37 MP: 5/5
  2127 | D:4      | Noticed Rim's ghost (amateur OpFi)
  2263 | D:4      | Noticed an ogre
  2302 | D:4      | Found Guerrulysch's Food Boutique.
  2347 | D:4      | Reached skill level 5 in Polearms
  2405 | D:4      | Noticed a big kobold
  2410 | D:4      | Reached XP level 6. HP: 32/44 MP: 6/6
  2882 | D:2      | Found a shattered altar of Ashenzari.
  2884 | D:2      | Found a hazy altar of Hepliaklqana.
  2884 | D:2      | Found a snail-covered altar of Cheibriados.
  2886 | D:2      | Found a deep blue altar of Sif Muna.
  2886 | D:2      | Found a shimmering altar of Xom.
  2886 | D:2      | Found an iron altar of Okawaru.
  3187 | D:2      | Killed Sigmund
  3187 | D:2      | Reached skill level 5 in Fighting
  3187 | D:2      | Reached skill level 6 in Polearms
  3187 | D:2      | Reached XP level 7. HP: 41/50 MP: 7/7
  3331 | D:4      | Killed Rim's ghost
  3429 | D:4      | Reached skill level 7 in Polearms
  3477 | D:4      | Reached XP level 8. HP: 57/57 MP: 8/8
  3655 | D:5      | Entered Level 5 of the Dungeon
  3658 | D:5      | Noticed Grinder
  4113 | D:5      | Reached skill level 8 in Polearms
  5068 | D:6      | Found Guobruit's Magic Scroll Shop.
  5074 | D:6      | Bought a scroll of magic mapping for 42 gold pieces
  5074 | D:6      | Bought a scroll of enchant armour for 90 gold pieces
  5074 | D:6      | Bought a scroll of teleportation for 36 gold pieces
  5115 | D:5      | Paralysed by Grinder for 3 turns
  5119 | D:5      | Killed Grinder
  5119 | D:5      | Reached XP level 9. HP: 26/63 MP: 9/9
  5220 | D:6      | Found a shadowy altar of Dithmenos.
  5223 | D:6      | Noticed Pikel
  5298 | D:6      | Reached skill level 9 in Polearms
  5353 | D:6      | Found a staircase to the Ecumenical Temple.
  5359 | Temple   | Entered the Ecumenical Temple
  5420 | Temple   | Became a worshipper of Hepliaklqana the Forgotten
  5446 | D:6      | Noticed Rim's ghost (novice OpFi)
  5882 | D:6      | Killed Rim's ghost
  6053 | D:6      | Reached skill level 5 in Dodging
  6542 | D:6      | Killed Pikel
  6542 | D:6      | Reached skill level 5 in Shields
  6622 | D:6      | Reached * piety under Hepliaklqana
  6840 | D:6      | Reached skill level 10 in Polearms
  6939 | D:7      | Reached XP level 10. HP: 50/63 MP: 10/10
  8029 | D:8      | Got a translucent mace
  8115 | D:8      | Reached ** piety under Hepliaklqana
  8116 | D:8      | Remembered your ancestor Bubbles as a hexer
  8770 | D:9      | Reached skill level 11 in Polearms
  8841 | D:9      | Noticed a two-headed ogre
  8845 | D:9      | Noticed a two-headed ogre
  9142 | D:9      | Reached *** piety under Hepliaklqana
  9206 | D:9      | Noticed a two-headed ogre
  9277 | D:9      | Killed a two-headed ogre
  9610 | D:10     | Entered Level 10 of the Dungeon
  9721 | D:10     | Reached XP level 11. HP: 42/70 MP: 11/11
 10205 | D:10     | Found a staircase to the Lair.
 10437 | Lair:1   | Entered Level 1 of the Lair of Beasts
 10471 | Lair:1   | Reached **** piety under Hepliaklqana
 10598 | Lair:1   | Reached skill level 12 in Polearms
 10598 | Lair:1   | Reached skill level 1 in Invocations
 10625 | Lair:1   | HP: 3/105 [spiny frog (12)]
 10641 | Lair:1   | HP: 1/70 [spiny frog (25)]
 10646 | Lair:1   | HP: 2/72 [poisoned by a spiny frog]
 11573 | Lair:2   | Reached skill level 13 in Polearms
 11741 | Lair:2   | Reached XP level 12. HP: 78/78 MP: 13/13
 11997 | Lair:2   | Reached skill level 10 in Fighting
 12127 | Lair:2   | Reached ***** piety under Hepliaklqana
 12292 | Lair:2   | Noticed a seven-headed hydra
 12313 | Lair:2   | Killed a seven-headed hydra
 12451 | Lair:2   | Reached skill level 14 in Polearms
 12963 | Lair:3   | Noticed Urug
 13447 | Lair:4   | Found a staircase to the Shoals.
 13481 | Lair:4   | Found a labyrinth entrance.
 13490 | Lab      | Entered a labyrinth
 13842 | Lab      | Noticed a minotaur
 13853 | Lab      | Killed a minotaur
 13856 | Lab      | Got a sparkling ivory ring
 13869 | Lab      | Identified the Catalogue of Transformation and the Snowflakes
 13886 | Lab      | Identified the ring of the Endless Expanse {rF- EV+2 Int+9 Dex+2} (You took it off a minotaur in a labyrinth)
 13924 | Lab      | Got a smoking golden ring
 13937 | Lair:4   | Identified the ring "Dapnedd" {+Blink rElec rN+++ MR- Int+2} (You found it in a labyrinth)
 14112 | Lair:4   | Found a staircase to the Snake Pit.
 14164 | Lair:4   | Noticed Harold
 14194 | Lair:4   | Reached skill level 1 in Evocations
 14837 | Lair:4   | Noticed an ice dragon
 14853 | Lair:4   | Killed an ice dragon
 14853 | Lair:4   | Reached XP level 13. HP: 82/85 MP: 14/14
 15163 | Lair:1   | Learned a level 3 spell: Ozocubu's Armour
 15281 | Lair:5   | Found a staircase to the Slime Pits.
 15301 | Lair:5   | Got an iridescent battleaxe
 15309 | Lair:5   | Identified the +8 battleaxe of Plague {chop, Dex+4} (You found it on level 5 of the Lair of Beasts)
 16097 | Lair:5   | Reached ****** piety under Hepliaklqana
 16541 | Lair:5   | Noticed Josephine
 16687 | Lair:5   | Killed Josephine
 16815 | Lair:6   | Entered Level 6 of the Lair of Beasts
 16950 | Lair:6   | Reached skill level 10 in Shields
 17046 | Lair:6   | Noticed Rupert
 17098 | Lair:5   | Slain by Rupert

Skill      XL: |  1  2  3  4  5  6  7  8  9 10 11 12 13 |
---------------+----------------------------------------+-----
Polearms       | 3 4 5 6 7 8 10 11 13 14 | 14.3
Fighting       | 4 5 6 7 8 9 11 | 11.5
Dodging        | 4 5 6 7 8 9 |  9.0
Shields        | 4 5 6 7 8 10 | 10.0
Invocations    | 2 |  2.4
Evocations     | 2 4 |  4.4

Action                   |  1- 3 |  4- 6 |  7- 9 | 10-12 | 13-15 || total
-------------------------+-------+-------+-------+-------+-------++-------
Melee: Trident           |    96 |    97 |   243 |   596 |   240 ||  1272
       Tentacles         |    17 |    13 |    42 |    93 |    35 ||   200
       Constrict         |    20 |    23 |    29 |    66 |    16 ||   154
 Fire: Hunting sling     |       |       |     2 |       |       ||     2
Throw: Throwing net      |       |       |     1 |       |       ||     1
Invok: Ancestor Identity |       |       |     1 |       |       ||     1
       Recall Ancestor   |       |       |       |     2 |       ||     2
       Ancestor Life: He |       |       |       |     1 |       ||     1
  Use: Potion            |       |     5 |       |     9 |       ||    14
       Scroll            |       |     8 |     2 |    11 |     2 ||    23
 Stab: Sleeping          |    11 |     5 |     8 |    19 |     3 ||    46
       Distracted        |       |       |     2 |     3 |     5 ||    10
       Confused          |       |       |       |    11 |     4 ||    15
  Eat: Chunk             |     2 |     5 |    10 |    25 |     7 ||    49
       Fruit             |       |       |     1 |     2 |       ||     3
Armor: Skin              |     8 |     4 |     3 |    24 |       ||    39
Dodge: Dodged            |    11 |    29 |    55 |    78 |    28 ||   201
Block: Shield            |    14 |    28 |    61 |   134 |    43 ||   280
